[Event "Fagernes Chess GM-Swiss 2025"]
[Site "Fagernes"]
[Date "2025.04.14"]
[Round "2.1"]
[White "Csonka, Balazs"]
[Black "Kantor, Gergely"]
[Result "1/2-1/2"]
[Annotator "TA"]
[ECO "C78"]
[WhiteElo "2459"]
[BlackElo "2578"]
[PlyCount "48"]
[EventDate "2025.04.12"]
[EventCountry "NOR"]
[SourceTitle "playchess.com"]
[Source "ChessBase"]
[SourceQuality "1"]
[TimeControl "40/6000+30:2400+30"]

1. e4 e5 2. Nf3 Nc6 3. Bb5 a6 4. Ba4 Nf6 5. O-O b5 6. Bb3 Bc5 7. c3 d6 8. d4 Bb6 9. dxe5 {[%emt 0:04:07] 9.Be3 is becoming the main line.} Nxe5 {[%emt 0:01:46] The position is equal.} 10. Nxe5 {[%emt 0:00:18] C78: Ruy Lopez: Archangelsk and Möller Defences.} dxe5 11. Qxd8+ Kxd8 12. Bxf7 Rf8 13. Bd5 Nxd5 14. exd5 Bb7 15. Be3 Bxe3 (15... Bxd5 $2 {loses.} 16. Rd1 $18) 16. fxe3 Rxf1+ 17. Kxf1 Bxd5 18. Nd2 {[%emt 0:00:04] A rather calm draw.   Weighted Error Value: White=0.01 (flawless) /Black=0.00 (flawless)   OK:         	White=3     	Black=4      Best:        	---       	Black=2} Ke7 $146 19. e4 Be6 20. Ke2 a5 21. a4 c6 22. axb5 cxb5 23. Ke3 a4 24. Nf3 Kf6 {½-½ Vachier Lagrave,M (2734)-Nepomniachtchi,I (2771) Sinquefield Cup 10th 2023 (5)} 1/2-1/2

[Event "Fagernes Chess GM-Swiss 2025"]
[Site "Fagernes"]
[Date "2025.04.14"]
[Round "2.2"]
[White "Mitusov, Semen"]
[Black "Gopal G.N."]
[Result "1/2-1/2"]
[Annotator "TA"]
[ECO "B90"]
[WhiteElo "2459"]
[BlackElo "2556"]
[PlyCount "213"]
[EventDate "2025.04.12"]
[EventCountry "NOR"]
[SourceTitle "playchess.com"]
[Source "ChessBase"]
[SourceQuality "1"]
[TimeControl "40/6000+30:2400+30"]

1. e4 c5 2. Nf3 d6 3. d4 cxd4 4. Nxd4 Nf6 5. Nc3 a6 6. a4 e5 7. Nf3 Be7 8. Bg5 Be6 {[%emt 0:01:31] B90: Sicilian Najdorf: Unusual White 6th moves, 6 Be3 Ng4 and 6 Be3 e5.} 9. Bxf6 Bxf6 10. Nd5 {[%emt 0:00:07] Dodges Qb6} Nd7 11. Bc4 Rc8 12. Qd3 Nb6 13. Nxf6+ Qxf6 14. Bxe6 Qxe6 15. O-O O-O 16. Rfd1 Rc6 17. c3 Nd7 18. Nd2 Nc5 19. Qe2 f5 20. f3 $146 (20. exf5 Qxf5 21. Nc4 Ne6 22. Nxd6 Qg6 23. Qd3 Qxd3 24. Rxd3 Rd8 25. Rad1 Nc5 26. R3d2 Nxa4 {½-½ Staroske,U (2473)-Nekhaev,A (2514) Samarin Memorial email 2014}) 20... fxe4 21. Nxe4 Nxe4 22. fxe4 Rf4 23. Rd5 Qg4 24. Qxg4 Rxg4 25. Rad1 Rxe4 26. Rxd6 Rxd6 27. Rxd6 Rxa4 $11 {[%emt 0:00:23][%mdl 4096] Endgame KR-KR. Black is a pawn up.} 28. Rd8+ Kf7 29. Rd7+ Kf6 30. Rxb7 a5 31. Kf2 Ra1 32. g4 a4 33. h4 a3 34. bxa3 Rxa3 35. Rb6+ Ke7 36. Rb7+ Kf6 37. Rc7 Ra4 38. c4 Ra3 39. c5 e4 40. c6 Rc3 41. Ke2 e3 42. Rc8 Ke5 43. c7 Kd6 44. Rh8 Rxc7 45. Rxh7 Ke5 46. Kxe3 Kf6 47. Rh5 Rc3+ 48. Kd4 Ra3 49. Rf5+ Kg6 50. Ke4 Ra4+ 51. Kf3 Kh6 52. Re5 g6 53. Re4 Ra7 54. Kf4 Rf7+ 55. Ke5 Kg7 56. Rd4 Rf1 57. Rd7+ Kg8 58. Rd5 Kg7 59. Rd4 Rf2 60. Rd1 Rf3 61. Rd2 Rf1 62. Ke4 Kg8 63. Rd7 Rf2 64. Ke3 Rf1 65. Rd4 Kg7 66. Ke4 Rf2 67. Ke3 Rf1 68. Rd2 Rf7 69. Rf2 Ra7 70. Kf3 Rf7+ 71. Kg3 Ra7 72. Rf3 Rb7 73. Re3 Rf7 74. Re4 Rf1 75. Re7+ Kg8 76. g5 Rf5 77. Kg4 Rf1 78. Rd7 Rf2 79. h5 Rg2+ 80. Kf4 Rf2+ 81. Kg3 Rf1 82. h6 Kh8 (82... Rg1+ $11 83. Kf4 Kh8) 83. Rd6 $16 Kh7 84. Rf6 (84. Rd5 $16) 84... Ra1 (84... Rg1+ $1 $11 85. Kf4 Rf1+ 86. Ke4 Rg1) 85. Re6 (85. Rf7+ $14 Kh8 86. Rf3) 85... Rf1 (85... Rg1+ $1 $11 {remains equal.} 86. Kf4 Rf1+ 87. Ke4 Re1+ 88. Kd5 Rd1+ 89. Ke5 Re1+ 90. Kd5) 86. Re7+ Kh8 87. Re3 (87. Re8+ $16 Kh7 88. Re7+ Kh8 89. Re5) 87... Kh7 (87... Rg1+ $14 88. Kf4 Rf1+ 89. Rf3 Rd1) 88. Kg4 (88. Re5 $16) 88... Rf7 (88... Rg1+ $14 89. Kf4 Rf1+ 90. Rf3 Re1) 89. Rf3 Ra7 {[%emt 0:00:09] [#]} 90. Kf4 (90. Rd3 $1 $16) 90... Ra5 (90... Ra1 $14) 91. Kg4 Ra7 $1 {[%emt 0:00:48] [#]} 92. Rf6 (92. Rd3 $1 $16) 92... Rb7 (92... Ra1 $14) 93. Kf4 (93. Rd6 $16) 93... Rb4+ $11 94. Ke5 {[%emt 0:00:22] aiming for Rf7+.} Rb5+ 95. Kf4 Rb4+ 96. Kg3 Rb7 {[%emt 0:00:18] Against Rf7+} (96... Rb5 $1 $11) 97. Kf3 (97. Rd6 $16) 97... Rb3+ 98. Kg4 Rb4+ (98... Rb7 $1 $11) 99. Rf4 $14 Rb7 (99... Rb1 $1 $14) 100. Kf3 ({White should try} 100. Ra4 $16) 100... Re7 ({Black should play} 100... Rb3+ $14 101. Kg4 Rb1) 101. Rd4 $16 Re5 102. Rd7+ Kh8 103. Kf4 Rf5+ 104. Kg4 {[%emt 0:00:04] White is much more active.} Rf1 105. Rg7 (105. Rd5 $16) 105... Rf4+ $11 106. Kg3 {[%emt 0:00:06] White wants to mate with Rh7+.} Rf3+ 107. Kxf3 {[%emt 0:00:03] Weighted Error Value: White=0.01 (flawless) /Black=0.01 (flawless)   Mistake:       	White=10    	Black=11     OK:         	White=34    	Black=39     Best:        	White=4     	Black=8      Strong:       	---       	Black=1} 1/2-1/2

[Event "Fagernes Chess GM-Swiss 2025"]
[Site "Fagernes"]
[Date "2025.04.14"]
[Round "2.3"]
[White "Urkedal, Frode Olav Olsen"]
[Black "Zhou, Yang-Fan"]
[Result "1-0"]
[Annotator "TA"]
[ECO "D85"]
[WhiteElo "2550"]
[BlackElo "2418"]
[PlyCount "61"]
[EventDate "2025.04.12"]
[EventCountry "NOR"]
[SourceTitle "playchess.com"]
[Source "ChessBase"]
[SourceQuality "1"]
[TimeControl "40/6000+30:2400+30"]

1. d4 Nf6 2. c4 g6 3. Nc3 d5 4. cxd5 Nxd5 5. e4 Nxc3 6. bxc3 Bg7 7. Nf3 c5 8. h3 O-O 9. Be2 Nc6 10. Be3 cxd4 {[%emt 0:11:32] D85: Exchange Grünfeld: Unusual White 7th moves and lines with 7 Nf3.} 11. cxd4 Qa5+ 12. Bd2 Qa3 {[%emt 0:00:13] The position is equal.} 13. d5 Ne5 (13... Bxa1 14. Qxa1 Nd8 15. O-O $11) 14. O-O Bd7 {[%emt 0:10:18] The modern move.} 15. Rb1 Ba4 16. Qc1 Qxa2 17. Rxb7 Rfc8 {[%emt 0:08:42] [#]} 18. Rxa7 $1 Rab8 $146 (18... Rxc1 19. Rxa8+ Bf8 20. Bxc1 Nd7 21. Bd1 Nb6 22. Ra6 Qc4 23. Rxb6 Qxc1 24. Bxa4 Qc4 {1-0 Tari,A (2639)-Van Foreest,J (2688) Chessable Masters Prelim rapid 2021 (2)}) 19. Qe1 Rc2 20. Nxe5 (20. Rxe7 $2 Nxf3+ 21. Bxf3 Rxd2 $19) (20. Rxa4 $1 $14 Qxa4 21. Bd1) 20... Bxe5 $11 21. Rxa4 (21. Rxe7 $2 Rxd2 $19) 21... Qxa4 22. Bd1 $1 {[%emt 0:00:06][%cal Od2h6] A strong pair of Bishops.} Rbb2 23. Bh6 Bg7 24. Bg5 (24. Bxc2 {simplifies} Rxc2 25. Bxg7 Kxg7 26. Qa1+) 24... Bd4 $2 {[%emt 0:00:37] This move loses the game for Black.} 25. Bxc2 $18 Rxc2 26. Bxe7 Ra2 {[%emt 0:01:10][%cal Od4f2] [#] ...Bxf2+! is the strong threat.} 27. Qb4 Qxb4 28. Bxb4 Re2 $2 (28... f5 {keeps fighting.} 29. exf5 Rb2) 29. d6 {[%emt 0:05:27][%cal Bd5d6,Bd6d7][%mdl 32] aiming for d7. White is winning.} Rxe4 30. Ba5 Bf6 31. d7 {[%emt 0:00:02] Weighted Error Value: White=0.16 (very precise) /Black=0.33  Loses game:     	---       	Black=1      Mistake:       	White=1     	Black=1      Inaccurate:     	White=3     	Black=3      OK:         	White=7     	Black=8      Best:        	White=5     	---        Strong:       	White=1     	---        Brilliant:      	White=1     	---} 1-0

[Event "Fagernes Chess GM-Swiss 2025"]
[Site "Fagernes"]
[Date "2025.04.14"]
[Round "2.4"]
[White "Dotzer, Lukas"]
[Black "Jumabayev, Rinat"]
[Result "0-1"]
[Annotator "TA"]
[ECO "B23"]
[WhiteElo "2453"]
[BlackElo "2549"]
[PlyCount "116"]
[EventDate "2025.04.12"]
[EventCountry "NOR"]
[SourceTitle "playchess.com"]
[Source "ChessBase"]
[SourceQuality "1"]
[TimeControl "40/6000+30:2400+30"]

1. e4 c5 2. Nc3 e6 3. Nge2 a6 4. g3 b5 5. Bg2 Bb7 6. O-O Nc6 {[%emt 0:20:09] B23: Closed Sicilian: Lines without g3.} 7. Re1 Nge7 8. a4 $146 (8. d3 Nd4 9. Nf4 g6 10. e5 Bxg2 11. Nxg2 Nec6 12. Bf4 g5 13. Be3 Nxe5 14. Bxd4 cxd4 15. Nxb5 {0-1 Erdos,V (2559)-Moussard,J (2642) EU-Cup 38th Durres 2023 (4.3)}) 8... Qb6 (8... b4 $11) 9. b3 ({White should play} 9. Nf4 $14) 9... Ng6 $11 10. Bb2 Be7 11. axb5 axb5 12. Rxa8+ Bxa8 13. h4 O-O (13... Nge5 $6 14. Nd5 exd5 15. exd5 $16) 14. h5 Nh8 15. Nf4 f6 16. h6 g6 17. Qg4 Ne5 (17... Nd4 $15) 18. Qe2 Rb8 19. Ra1 b4 20. Ra6 (20. Na4 $1 $11 Qc7 21. Nxc5 Bxc5 (21... Qxc5 22. d4 $14) 22. d4) 20... Qd8 $17 21. Na4 Nhf7 22. Nxc5 Bxc5 23. d4 {[%emt 0:00:04] [#]} Bc6 $1 24. Ra1 (24. dxc5 $2 Bb5 (24... Nxh6 25. Qd2 $16) 25. Qd2 Bxa6 $19) (24. Qd1 Bb5) 24... Bb5 25. Qd2 Bf8 (25... g5 26. Nh5 (26. dxc5 gxf4 27. gxf4 Ng6 $17) 26... Be7 27. dxe5 fxe5 28. c3 $16) 26. dxe5 fxe5 27. Nh3 (27. Nd3 $1 $15 Bxh6 28. Qd1) 27... Bc6 28. f4 Bxh6 (28... Nxh6 $6 29. Bxe5 Bc5+ 30. Bd4 $15) 29. Qf2 (29. Nf2 $17) 29... Qb6 30. Qxb6 Rxb6 31. fxe5 Bg7 32. Bd4 Rb8 33. Ra5 Bb5 34. Ba7 Rb7 35. Bc5 {[%emt 0:00:07] Threatens to win with Ra8+.} Bxe5 36. Ra8+ Kg7 37. Bxb4 Bc6 (37... Bxg3 $2 38. e5 Bxe5 (38... d5 $2 39. Bf8+ Kg8 40. Bh6+ $18) 39. Bxb7 $18) 38. Bf8+ Kf6 39. Re8 {[%emt 0:01:20] [#]} (39. Nf2 $142) 39... d6 $1 $19 (39... Bxg3 40. Be7+ Kg7 (40... Ke5 41. Rf8 $16) 41. Bf8+ Kf6 42. Be7+ Kg7 43. Bf8+ Kf6 $11) 40. Rc8 Bd7 41. Ra8 Rc7 (41... Bxg3 $2 42. e5+ Nxe5 43. Bxb7 $18) 42. Nf2 h5 {[%emt 0:08:47] Against Ng4+} (42... Rxc2 43. Ng4+ Kg5 44. Nxe5 Rc1+ 45. Kh2 Nxe5 46. Kh3 $15) (42... Bxg3 43. c4) 43. c4 Rb7 44. g4 (44. Ra1 $142 Bxa1 45. e5+ Bxe5 (45... Kxe5 46. Bg7+ Kf5 47. Bh3+ Kg5 48. Ne4#) 46. Bxb7) 44... Rxb3 45. Ra7 Rb8 46. gxh5 (46. Rxd7 {was necessary.} Rxf8 47. Kf1) 46... Bd4 ({Resist} 46... Rxf8 47. hxg6 Bd4 48. Rxd7 Kxg6 49. Bh3 $19) ({Weaker is} 46... gxh5 47. Rxd7 Rxf8 48. Nd3 $19) 47. Rxd7 Rxf8 48. hxg6 Kxg6 {[%emt 0:03:05] Threatens to win with ...Bxf2+.} 49. Bh3 Ng5 50. Bf5+ (50. Rxd6 $142 Rxf2 (50... Bxf2+ $2 51. Kf1 $19) 51. Bf5+ Rxf5+ 52. Rxd4) 50... exf5 51. Rxd6+ Kh5 52. exf5 {[%emt 0:00:31] [#]} Rxf5 53. Rd5 (53. Rxd4 Nf3+) 53... Bxf2+ 54. Kg2 Rf4 {[%emt 0:03:05][%cal Of2e3] ( -> ...Be3!)} 55. c5 Kg4 {[%emt 0:00:48] Black mates.} 56. c6 Be3 57. c7 Rf2+ 58. Kh1 Rf1+ {[%emt 0:00:15] Weighted Error Value: White=0.58/Black=0.19 (very precise)   Mistake:       	White=8     	Black=2      Inaccurate:     	White=3     	Black=1      OK:         	White=17    	Black=23     Best:        	White=2     	Black=3      Strong:       	---       	Black=1} 0-1

[Event "Fagernes Chess GM-Swiss 2025"]
[Site "Fagernes"]
[Date "2025.04.14"]
[Round "2.5"]
[White "Raja Rithvik R"]
[Black "Aradhya, Garg"]
[Result "1-0"]
[Annotator "TA"]
[ECO "D19"]
[WhiteElo "2538"]
[BlackElo "2387"]
[PlyCount "69"]
[EventDate "2025.04.12"]
[EventCountry "NOR"]
[SourceTitle "playchess.com"]
[Source "ChessBase"]
[SourceQuality "1"]
[TimeControl "40/6000+30:2400+30"]

1. d4 d5 2. c4 c6 3. Nf3 Nf6 4. Nc3 dxc4 5. a4 Bf5 6. e3 e6 7. Bxc4 Bb4 8. O-O O-O 9. Qe2 h6 10. Rd1 Ne4 11. Bd3 Bxc3 {[%emt 0:01:54] White is slightly better.} 12. Bxe4 $1 Bxe4 13. bxc3 Nd7 14. Ba3 Re8 15. Nd2 Bc2 16. Rdc1 Bxa4 17. Ne4 $1 Nb6 {[%emt 0:02:56] Black is weak on the dark squares. White leaves nothing to chance now.} 18. c4 Nc8 19. Nc3 {[%emt 0:14:39] White is more active.} b5 20. Qf3 $36 {[%emt 0:00:03][%mdl 2048] White has strong initiative.} Nb6 21. Nxa4 (21. Qxc6 Rc8 (21... Nxc4 22. Nxa4 Nxa3 23. Rxa3 $14) 22. Qb7 Nxc4 (22... bxc4 23. Bc5 $15) 23. Nxa4 Nxa3 (23... bxa4 24. Qb4 $11) 24. Rxc8 (24. Qxa7 $2 {too greedy.} Nc2 $19) 24... Qxc8 25. Qxa7 bxa4 $19) 21... bxa4 (21... Nxa4 $16 22. Qxc6 a6) 22. Qxc6 $18 Rc8 23. Qb5 Qg5 24. Qxg5 hxg5 25. c5 Nd5 26. Rc4 Rc7 27. e4 Nf6 28. f3 ({Less strong is} 28. Rxa4 Nxe4 29. Bb4 Ra8 $16) 28... g4 29. Rxa4 gxf3 30. gxf3 Nh5 $2 {[%emt 0:01:19] [#]} (30... Nd7 31. Bb4 Nb8) 31. d5 {[%emt 0:06:32][%cal Bd4d5,Bd5d6,Bd6d7][%mdl 32] White is clearly winning.} Nf4 32. d6 Rc6 33. Rxa7 g5 34. d7 Rd8 35. Bb2 {[%emt 0:00:13] Weighted Error Value: White=0.02 (flawless) /Black=0.51  Mistake:       	---       	Black=2      Inaccurate:     	---       	Black=4      OK:         	White=12    	Black=6      Best:        	White=3     	Black=1      Strong:       	White=2     	---} 1-0

[Event "Fagernes Chess GM-Swiss 2025"]
[Site "Fagernes"]
[Date "2025.04.14"]
[Round "2.6"]
[White "Miezis, Normunds"]
[Black "Kvaloy, Aksel Bu"]
[Result "0-1"]
[Annotator "TA"]
[ECO "A13"]
[WhiteElo "2409"]
[BlackElo "2481"]
[PlyCount "116"]
[EventDate "2025.04.12"]
[EventCountry "NOR"]
[SourceTitle "playchess.com"]
[Source "ChessBase"]
[SourceQuality "1"]
[TimeControl "40/6000+30:2400+30"]

1. c4 e6 2. Nf3 d5 3. e3 Nf6 4. b3 b6 5. Bb2 Bb7 6. cxd5 {[%emt 0:03:01] A13: English Opening: 1...e6.} exd5 7. Nc3 Nbd7 8. Rc1 {[%emt 0:04:02] The position is equal.} a6 9. d4 Bd6 10. g3 O-O 11. Bg2 Re8 12. O-O Rc8 13. Nd2 Bf8 $146 (13... Qe7 14. Qc2 Nf8 15. Nc4 Bb4 16. Ne5 Ne6 17. Rfd1 Bd6 18. Nc4 Bb4 19. a3 Bxc3 20. Qxc3 {1-0 Nakamura,H (2768)-Tang,A (2539) Titled Tuesday intern op 04th Oct Early blitz 2022 (5)}) 14. Re1 Ne4 15. Ndxe4 dxe4 16. Qc2 Nf6 17. Red1 Qd7 {[%emt 0:06:52] [#]} 18. d5 $1 Qf5 19. Rd4 c5 20. dxc6 Bxc6 21. b4 h5 22. Qe2 Bb7 23. Rcd1 h4 24. gxh4 Qh7 25. h5 Re5 26. h4 (26. Rd8 $11 {keeps the balance.}) 26... Rxh5 $17 27. Rd8 $2 (27. Nxe4 $17 {was forced.} Bxe4 28. Bxe4 Nxe4 29. Rxe4) 27... Rxh4 $19 {[%emt 0:01:49] aiming for ...Ng4.} 28. Nd5 Nxd5 (28... Rxd8 29. Nxf6+ gxf6 30. Rxd8 $17) 29. R1xd5 Qg6 30. Rxc8 $2 (30. Be5 Bxd5 31. Rxc8) 30... Bxc8 (30... Bxd5 $2 31. Qxa6 Qd6 (31... Rg4 32. Rxf8+ Kxf8 33. Qc8+ Ke7 34. Qc7+ Ke8 35. Qc8+ Ke7 36. Qc7+ Ke8 37. Qc8+ Ke7 $11) 32. a4 $19) 31. Be5 Rh5 (31... Bxb4 $2 32. Rd8+ Kh7 33. Rxc8 $18) 32. Rd8 Bh3 33. Bg3 {[%emt 0:01:02] and Qd1 should not be overlooked} Bxg2 34. Kxg2 Qf5 $1 {[%emt 0:00:39] ( -> ...Qh3+)} 35. f4 Rh6 (35... exf3+ $142 36. Qxf3 Qh3+ 37. Kg1 Rg5 38. Rxf8+ Kxf8 39. Qa8+ Ke7 40. Qe4+ Qe6) 36. Qd1 $2 (36. Kf2 {was worth a try.}) 36... Re6 $2 (36... Qh3+ $19 37. Kf2 Qe6) 37. a3 $15 Qf6 38. f5 {[%emt 0:00:57] White is now going downhill.} Rc6 $1 $19 (38... Qxf5 39. Rxf8+ Kxf8 40. Qd8+ Re8 41. Bd6+ (41. Qxb6 $2 Qf3+ 42. Kh2 Kg8 $19) 41... Kg8 42. Qxe8+ Kh7 43. Bf4 $11) 39. Bf4 {[%emt 0:00:45] [#]} g5 $1 (39... Qxf5 40. Rxf8+ Kh7 41. Re8 $18) 40. fxg6 {[%emt 0:01:55] [#]} Qb2+ $1 (40... Qxg6+ 41. Kf2 $17) 41. Rd2 Rxg6+ (41... Qxa3 $2 42. gxf7+ Kxf7 43. Rd7+ Be7 44. Qd5+ Re6 45. Bg5 (45. Qf5+ Ke8 $18) 45... Qb2+ 46. Kh3 Qh8+ 47. Kg4 $18) 42. Kh1 Qxa3 43. Rh2 Qd3 ({Don't play} 43... Qxb4 44. Be5 Bh6 45. Qd8+ Qf8 46. Qd7 $19) 44. Qc1 Qd7 (44... Bxb4 45. Be5 Kf8 46. Rh8+ Ke7 47. Qc7+ Qd7 48. Bf6+ Rxf6 49. Qe5+ Re6 50. Qg5+ Kd6 51. Rd8 $11) 45. b5 $2 (45. Be5 f6 (45... Bxb4 46. Rh8#) 46. Qc4+ Kg7 (46... Qf7 $2 47. Rh8+ Kg7 48. Rh7+ Kxh7 49. Qxf7+ Bg7 50. Bf4 $18) 47. Qc7 Qxc7 48. Bxc7) 45... Qxb5 46. Qa1 Bg7 {[%emt 0:00:36] Against Rh8+} 47. Qd1 Qc4 48. Be5 (48. Rg2 $142 Qe6 49. Kg1) 48... Qd3 (48... Bxe5 49. Qd8+ Kg7 50. Qh8#) 49. Qc1 Qd7 {[%emt 0:01:47] Prevents Qc8+} ({Worse is} 49... Bxe5 50. Qc8+) 50. Bxg7 Qg4 {[%emt 0:01:53] ( -> ...Qf3+)} 51. Qc8+ Qxc8 52. Rh8+ Kxg7 53. Rxc8 {[%emt 0:00:06][%mdl 4096] Endgame KR-KR. Black is 3 pawns up.} b5 54. Rb8 {[%emt 0:05:08] Inhibits Rb6.} Kf6 55. Re8 Kf5 {[%emt 0:00:14] ( -> ...Rb6)} 56. Re7 Rb6 {[%emt 0:00:59] Black mates.} 57. Rxf7+ Ke5 58. Kg2 b4 {[%emt 0:00:28] Weighted Error Value: White=0.77/Black=0.29 (precise)   Loses game:     	White=1     	---        Missed win:     	---       	Black=1      Mistake:       	White=6     	Black=1      Inaccurate:     	White=3     	Black=1      OK:         	White=18    	Black=13     Best:        	White=2     	Black=5      Strong:       	---       	Black=4} 0-1

[Event "Fagernes Chess GM-Swiss 2025"]
[Site "Fagernes"]
[Date "2025.04.14"]
[Round "2.7"]
[White "Blomqvist, Erik"]
[Black "Melaa, Sondre"]
[Result "0-1"]
[Annotator "TA"]
[ECO "C78"]
[WhiteElo "2475"]
[BlackElo "2344"]
[PlyCount "84"]
[EventDate "2025.04.12"]
[EventCountry "NOR"]
[SourceTitle "playchess.com"]
[Source "ChessBase"]
[SourceQuality "1"]
[TimeControl "40/6000+30:2400+30"]

1. e4 e5 2. Nf3 Nc6 3. Bb5 a6 4. Ba4 Nf6 5. d3 b5 6. Bb3 Bc5 7. O-O d6 8. c3 h6 9. Re1 O-O 10. Nbd2 Re8 11. Nf1 {[%emt 0:00:33] The position is equal.} Bb6 12. Ng3 Be6 13. Bxe6 Rxe6 14. Nh4 d5 15. Qf3 {[%emt 0:00:56] [#]} (15. Nhf5 $11) 15... Nxe4 $1 $17 16. dxe4 Qxh4 17. exd5 Rf6 {[%emt 0:00:25] Black is more active.} 18. Nf5 {[%emt 0:01:19] [#]} Qxf2+ 19. Qxf2 Bxf2+ 20. Kxf2 Rxf5+ 21. Kg1 Ne7 22. g4 Rf6 23. Rxe5 Ng6 24. Re4 Rd6 $1 25. a4 {[%emt 0:01:55] And now axb5 would win.} Rad8 26. axb5 axb5 27. Be3 Rxd5 28. Ra7 {[%emt 0:00:22] [#]} Rd1+ $1 29. Kf2 c6 30. Rc7 (30. Rd4 $15 {was preferrable.}) 30... R1d6 (30... Rb1 $17 31. Kg3 Rxb2) 31. Bd4 Nf8 {[%emt 0:05:23] White must now prevent ...Ne6.} 32. Ree7 (32. Bb6 $15) 32... R8d7 $2 ({Black should try} 32... Ne6 $19 33. Rxf7 c5 (33... Nxc7 34. Rxg7+ Kf8 35. Rxc7 $11) 34. Rxg7+ Nxg7 35. Rxc5 Ne6 36. Rxb5 Nxd4 37. cxd4 Rxd4) 33. Rexd7 $11 Nxd7 {[%emt 0:00:08][%mdl 4096] Endgame. KRB-KRN} 34. Rc8+ Kh7 35. Rd8 (35. h4 $11 {should be considered.}) 35... Kg6 (35... Nc5 $15 36. Rxd6 Ne4+ 37. Kf3 Nxd6) 36. b4 f6 37. Kg3 {[%emt 0:00:34] [#]} (37. h4 $1 $11 {was the only way to keep the balance.}) 37... Nc5 $1 $17 38. Rc8 $2 (38. Rxd6 $17 {was forced.} Ne4+ 39. Kf4 Nxd6 40. Bc5) 38... Ne6 $19 39. Bc5 Rd3+ 40. Kg2 $2 (40. Kf2 Rxc3 41. Rxc6) 40... Rxc3 (40... Kg5 41. Rxc6 Nf4+ 42. Kf2 Rxc3 (42... Kxg4 $2 43. Bd6 $19) 43. Rb6 $19) 41. Rxc6 $2 (41. Bd6) 41... Nf4+ 42. Kf2 Nd3+ {[%emt 0:00:00] Weighted Error Value: White=0.46/Black=0.12 (very precise) .  Loses game:     	White=1     	---        Mistake:       	White=7     	Black=3      Inaccurate:     	White=1     	---        OK:         	White=7     	Black=15     Best:        	White=4     	Black=4      Strong:       	---       	Black=2      Brilliant:      	---       	Black=1} 0-1

[Event "Fagernes Chess GM-Swiss 2025"]
[Site "Fagernes"]
[Date "2025.04.14"]
[Round "2.8"]
[White "Johansson, Linus"]
[Black "Bazakutsa, Svyatoslav"]
[Result "1-0"]
[Annotator "RC"]
[ECO "E46"]
[WhiteElo "2392"]
[BlackElo "2474"]
[PlyCount "149"]
[EventDate "2025.04.12"]
[EventCountry "NOR"]
[SourceTitle "playchess.com"]
[Source "ChessBase"]
[SourceQuality "1"]
[TimeControl "40/6000+30:2400+30"]

1. d4 Nf6 2. c4 e6 3. Nc3 Bb4 4. e3 O-O 5. Bd2 b6 6. Be2 Bb7 7. Bf3 d5 8. cxd5 exd5 9. Nge2 Re8 10. O-O Bd6 11. Qb3 c6 12. Ng3 Na6 13. Rfd1 g6 14. Re1 Nc7 15. e4 Ne6 16. Be3 Bxg3 17. exd5 Bxh2+ 18. Kxh2 cxd5 19. Kg1 h5 20. a4 a6 21. Ne2 Rc8 22. Nf4 Ng7 23. a5 b5 24. Nd3 Ne4 25. Ne5 Ne6 26. Qa3 Nd6 27. b4 Nf5 28. Qb2 Qf6 29. Nd7 Qg7 30. Ne5 Rc7 31. Rac1 Rec8 32. Rxc7 Rxc7 33. Rd1 Qf6 34. Rc1 Qe7 35. Rxc7 Qxc7 36. Nd3 Qe7 37. Qc3 Nh4 38. Bd1 Nf5 39. Bf3 Nh4 40. Bd1 Kh7 41. Ne5 Nf5 42. Bf3 Kg7 43. Nd3 Kg8 44. Nf4 Nc7 45. Bd2 Qd6 46. Be3 Ne8 47. Nd3 Nxe3 48. fxe3 Qe7 49. Nc5 Qc7 50. Qe1 Ng7 51. Qh4 Ba8 52. Qf6 Qg3 53. Kf1 Nf5 54. Ke2 Qc7 55. Qe5 Qxe5 56. dxe5 Ng7 57. Nxa6 Ne6 58. Kd2 Kf8 59. Be2 d4 60. g3 Ke7 61. Bxb5 g5 62. Bf1 g4 63. Nc5 h4 64. gxh4 g3 65. Nxe6 fxe6 66. exd4 g2 67. Bxg2 Bxg2 68. b5 Bf1 69. b6 Ba6 70. Kc3 Kd7 71. h5 Bb7 72. h6 Be4 73. a6 Kc6 74. a7 Kb7 75. Kb4 1-0

[Event "Fagernes Chess GM-Swiss 2025"]
[Site "Fagernes"]
[Date "2025.04.14"]
[Round "2.9"]
[White "Grave, Jacob Templen"]
[Black "Willow, Jonah B"]
[Result "0-1"]
[Annotator "RC"]
[ECO "B22"]
[WhiteElo "2337"]
[BlackElo "2471"]
[PlyCount "120"]
[EventDate "2025.04.12"]
[EventCountry "NOR"]
[SourceTitle "playchess.com"]
[Source "ChessBase"]
[SourceQuality "1"]
[TimeControl "40/6000+30:2400+30"]

1. e4 c5 2. Nf3 g6 3. c3 d5 4. exd5 Qxd5 5. d4 Bg7 6. Be3 cxd4 7. cxd4 Nf6 8. Nc3 Qa5 9. Bc4 O-O 10. O-O Bg4 11. h3 Bxf3 12. Qxf3 Nc6 13. Rad1 Qb4 14. Bb3 Na5 15. Nd5 Nxd5 16. Bd2 Qb6 17. Bxd5 Rad8 18. Bxa5 Qxa5 19. Bb3 Qb4 20. d5 Bxb2 21. Rfe1 Bf6 22. Re4 Qd6 23. Rc4 Kg7 24. g3 Qd7 25. Kg2 b5 26. Rc6 a5 27. a3 Qb7 28. d6 exd6 29. Rdxd6 Rxd6 30. Rxd6 Qxf3+ 31. Kxf3 Rc8 32. Ke2 a4 33. Bd5 Rc2+ 34. Kd1 Rxf2 35. Rb6 Be7 36. Rxb5 Bxa3 37. Ra5 Rf5 38. g4 Re5 39. Rb5 Be7 40. Bc4 Re4 41. Bd5 Rd4+ 42. Ke2 a3 43. Bb3 Re4+ 44. Kf3 Re1 45. Ra5 Rf1+ 46. Kg2 Rb1 47. Bd5 Rd1 48. Bc4 Rd4 49. Bf1 Rd2+ 50. Kf3 Bb4 51. Ra6 Bc5 52. Bc4 Rh2 53. Kg3 Rc2 54. Bd5 Rc3+ 55. Kg2 Rd3 56. Bc4 Rd4 57. Bf1 Rd2+ 58. Kg3 Rc2 59. Bg2 Bf2+ 60. Kh2 a2 0-1